 Dungeon Crawl Stone Soup version 0.28.0-53-g5a82cb258f (webtiles) character file.

Game seed: 1512375934010579403

3980 KapersCrawl the Cruncher (level 10, 0/80 HPs)
             Began as a Demonspawn Abyssal Knight on June 17, 2022.
             Was a Believer of Lugonu.
             Killed from afar by a tengu conjurer (25 damage)
             ... with a bolt of lightning
             ... led by a tengu conjurer
             ... on level 8 of the Dungeon.
             The game lasted 00:35:50 (10081 turns).

KapersCrawl the Cruncher (DsAK)                    Turns: 10081, Time: 00:35:51

Health: 0/80       AC: 12    Str: 17    XL:     10   Next: 2%
Magic:  16/16      EV: 12    Int: 18    God:    Lugonu [**....]
Gold:   514        SH: 15    Dex: 20    Spells: 9/9 levels left

rFire   . . .      SeeInvis .   b - +2 dagger (venom)
rCold   . . .      Faith    .   w - +0 tower shield
rNeg    . . .      Spirit   .   D - +4 scale mail
rPois   .          Reflect  .   A - +0 helmet
rElec   .          Harm     .   m - +0 cloak
rCorr   .          Rampage  .   (no gloves)
Will    .....                   (no boots)
Stlth   +.........              n - amulet of regeneration
HPRegen 1.03/turn               P - +6 ring of intelligence
MPRegen 0.15/turn               O - +6 ring of dexterity

@: agile, studying Staves
A: demonic guardian 2, powered by pain 2, weakness stinger 1
a: Renounce Religion, Depart the Abyss, Bend Space


You were on level 8 of the Dungeon.
You worshipped Lugonu.
Lugonu was pleased with you.
You visited 1 branch of the dungeon, and saw 9 of its levels.
You visited the Abyss 1 time.

You collected 514 gold pieces.

Inventory:

Hand Weapons
 a - a +2 quarterstaff of chaos
 b - a +2 dagger of venom (weapon)
 c - a +1 spear
 u - a +0 morningstar
Missiles
 e - 187 stones (quivered)
 C - 9 poisoned darts
 F - 6 silver javelins
 G - 4 javelins
 M - 6 atropa-tipped darts
Armour
 m - a +0 cloak (worn)
 w - a +0 tower shield (worn)
 A - a +0 helmet (worn)
 D - a +4 scale mail (worn)
 K - a scarf of repulsion
Jewellery
 d - an amulet of reflection
 n - an amulet of regeneration (around neck)
 v - the ring "Xadd" {Fly MP+9}
   (You found it on level 5 of the Dungeon)

   [ring of flight]

   MP:        It affects your magic capacity (+9).
   Fly:       It grants you flight.
 O - a +6 ring of dexterity (right hand)
 P - a +6 ring of intelligence (left hand)
Wands
 x - a wand of iceblast (5)
 H - a wand of flame (24)
 R - a wand of charming (8)
Scrolls
 g - a scroll of teleportation
 j - a scroll of fear {unknown}
 k - a scroll of torment {unknown}
 p - a scroll of fog
 q - a scroll of amnesia {unknown}
 r - a scroll of summoning {unknown}
 y - a scroll of magic mapping {unknown}
 B - a scroll of blinking {unknown}
 E - a scroll of acquirement {unknown}
 J - a scroll of immolation {unknown}
 N - a scroll of vulnerability {unknown}
Potions
 f - a potion of resistance {unknown}
 h - a potion of mutation
 i - a potion of attraction
 l - 3 potions of flight
 o - 2 potions of brilliance
 s - a potion of heal wounds {unknown}
 t - a potion of invisibility {unknown}
 z - a potion of haste {unknown}
 I - a potion of berserk rage {unknown}
 L - 2 potions of lignification
 Q - a potion of curing


   Skills:
 + Level 7.8 Fighting
 - Level 4.0 Short Blades
 - Level 1.7(5.4) Polearms
 - Level 8.2(8.3) Staves
 - Level 2.0 Throwing
 - Level 2.0 Armour
 - Level 2.0 Dodging
 - Level 3.0 Stealth
 - Level 5.0 Shields
 - Level 8.0 Invocations
 - Level 2.0 Evocations


You had 9 spell levels left.
You didn't know any spells.
Your spell library contained the following spells:

 Spells                   Type           Power      Damage    Failure   Level
 Summon Lightning Spire   Summ/Air       0%         N/A       100%        4
 Storm Form               Tmut/Air       0%         N/A       100%        7
 Maxwell's Capacitive Co  Air            0%         ∞         100%        8


Dungeon Overview and Level Annotations

Branches:
Dungeon (9/15)             Temple (0/1) D:7
   Lair: D:8-11         Orc: D:9-12

Altars:
Gozag
Uskayaw

Shops:
D:3 (   D:4 (


Innate Abilities, Weirdness & Mutations

A demonic guardian rushes to your aid.
You sometimes gain power by taking damage.
You have a small tail.


Message History

The tengu conjurer mumbles some strange words.
The tengu conjurer blinks!
The tengu conjurer casts a spell at you.
The bolt of lightning hits you!
The orc priest looks encouraged for a moment.
There is an open door here.
You close the door.
A tengu conjurer opens the door.
Okay, then.
You block the tengu conjurer's attack. x2
The tengu conjurer claws you but does no damage.
You closely miss the tengu conjurer.
Your tail-slap misses the tengu conjurer.
The orc priest miscasts a cantrip.
You block the tengu conjurer's attack. x3
You hit the tengu conjurer but do no damage.
You block the tengu conjurer's attack.
The tengu conjurer pecks you but does no damage.
The tengu conjurer barely misses you.
The orc priest mumbles some strange prayers to Beogh against you.
Beogh smites you!
You barely miss the tengu conjurer. The tengu conjurer barely misses you.
You block the tengu conjurer's attack.
The tengu conjurer claws you but does no damage.
The tengu conjurer casts a spell.
The tengu conjurer blinks!
You hit the tengu conjurer.
The tengu conjurer is lightly wounded.
The tengu conjurer points at you and mumbles some strange words.
The bolt of lightning hits you!!
You focus on the pain.
You feel agile all of a sudden. Space bends sharply around you!
The orc priest blinks!
You blink.
The tengu conjurer gestures wildly while chanting.
The tengu conjurer conjures a globe of magical energy!
A battlesphere comes into view.
The tengu conjurer gestures at you while chanting.
The bolt of lightning hits you!!
The tengu conjurer casts a spell at you.
The bolt of lightning hits you!!
You die...

#.......#.)..
#Q.Q....')...
#########.......#....
####...............#....
..........*........#....
............########....
............# . #....
............# ..######
.......@....# ........
.......<....# ........
............# ####....
.....<......... #....
............... #....
............... #....
............... #....
............... +....
####.


You could see 2 tengu conjurers and a battlesphere.

Vanquished Creatures
  Psyche (D:8)
  2 steam dragons
  A hornet zombie (D:6)
  A sky beast (D:5)
  2 ogres
  A centaur (D:7)
  A kobold brigand (D:7)
  2 bullfrogs
  2 scorpions
  A water moccasin skeleton (D:5)
  3 wights
  3 howler monkeys
  Crazy Yiuf (D:3)
  A gnoll shaman (D:7)
  2 hounds (D:5)
  2 jellies (D:5)
  3 iguanas (D:5)
  2 orc wizards (D:6)
  A killer bee zombie (D:7)
  A hound skeleton (D:5)
  A howler monkey skeleton (D:7)
  A howler monkey zombie (D:6)
  3 gnolls (D:7)
  6 adders
  A white imp (D:6)
  An ufetubus (D:6)
  2 worms
  3 dart slugs
  14 orcs
  2 ball pythons
  A bat (D:3)
  7 endoplasms
  3 giant cockroaches
  3 goblins
  2 hobgoblins
  5 quokkas
  3 frilled lizards
  5 kobolds
  3 rats
99 creatures vanquished.

Vanquished Creatures (collateral kills)
  Gastronok (D:9)
  A hornet (D:8)
  A necrophage (D:3)
  2 ogres
  A wyvern zombie (D:8)
  A wyvern skeleton (D:7)
  5 wights
  A howler monkey (D:7)
  A hound (D:7)
  A bullfrog skeleton (D:6)
  An adder (D:3)
16 creatures vanquished.

Vanquished Creatures (others)
  An orc priest (D:8)
  2 orcs (D:8)
3 creatures vanquished.

Grand Total: 118 creatures vanquished

Notes
Turn   | Place    | Note
-------+----------+-------------------------------------------
     0 | Abyss:1  | KapersCrawl the Demonspawn Abyssal Knight began the quest
                  | for the Orb.
     0 | Abyss:1  | Reached XP level 1. HP: 18/18 MP: 2/2
     0 | D:1      | Escaped the Abyss
   217 | D:1      | Gained mutation: A weak demonic guardian rushes to your
                  | aid. [demonic ancestry]
   217 | D:1      | Reached XP level 2. HP: 9/24 MP: 3/3
   428 | D:1      | Reached skill level 1 in Stealth
   791 | D:2      | Found a faded altar of an unknown god.
   896 | D:2      | Found an opulent altar of Gozag.
  1267 | D:2      | Reached * piety under Lugonu
  1494 | D:3      | Gained mutation: You sometimes gain a little power by
                  | taking damage. [demonic ancestry]
  1494 | D:3      | Reached XP level 3. HP: 28/29 MP: 4/4
  1661 | D:3      | Noticed a necrophage
  1999 | D:3      | Found Budu's Antique Weapon Shop.
  2562 | D:3      | Found a runed translucent door.
  2563 | D:3      | Noticed Crazy Yiuf
  2970 | D:3      | Killed Crazy Yiuf
  2971 | D:3      | Reached XP level 4. HP: 8/37 MP: 5/5
  3340 | D:3      | Killed a necrophage
  3341 | D:3      | Reached skill level 1 in Staves
  3341 | D:3      | Gained mutation: A demonic guardian rushes to your aid.
                  | [demonic ancestry]
  3341 | D:3      | Reached XP level 5. HP: 25/43 MP: 6/6
  3590 | D:4      | Found Ponu's Weapon Shop.
  3606 | D:4      | Noticed an ogre
  3627 | D:4      | Killed an ogre
  3628 | D:4      | Reached skill level 5 in Fighting
  3900 | D:4      | Reached XP level 6. HP: 45/51 MP: 8/8
  4179 | D:5      | Entered Level 5 of the Dungeon
  4470 | D:5      | Reached skill level 5 in Invocations
  4470 | D:5      | Reached skill level 1 in Dodging
  4952 | D:5      | Identified the ring "Xadd" {Fly MP+9}
  4983 | D:5      | Reached skill level 1 in Throwing
  5350 | D:5      | Reached XP level 7. HP: 56/56 MP: 10/10
  5997 | D:5      | Reached skill level 5 in Staves
  6210 | D:6      | Gained mutation: You have a small tail. [demonic ancestry]
  6210 | D:6      | Reached XP level 8. HP: 51/62 MP: 11/11
  6956 | D:6      | Reached skill level 1 in Short Blades
  7781 | D:7      | Found a staircase to the Ecumenical Temple.
  7892 | D:7      | Reached ** piety under Lugonu
  8171 | D:7      | Found a hide-covered altar of Uskayaw.
  8352 | D:7      | Reached skill level 1 in Shields
  8874 | D:8      | Gained mutation: You sometimes gain power by taking damage.
                  | [demonic ancestry]
  8874 | D:8      | Reached XP level 9. HP: 28/67 MP: 12/12
  9148 | D:8      | Reached skill level 5 in Shields
  9171 | D:8      | Noticed Psyche
  9207 | D:8      | Killed Psyche
  9406 | D:8      | Noticed a tengu conjurer
  9411 | D:8      | Noticed a tengu conjurer
  9795 | D:9      | Noticed Gastronok
  9864 | D:9      | Killed Gastronok
  9865 | D:9      | Reached XP level 10. HP: 58/80 MP: 14/16
 10081 | D:8      | Killed from afar by a tengu conjurer

Illustrated notes

Levels and vault maps discovered:
D:1:      evilmike_arrival_home_sweet_home, layout_rooms
D:2:      layout_basic, basic_altar, ebering_ecumenical_altar_box,
          hangedman_decor_opposing
D:3:      layout_loops_ring, serial_shops, nicolae_shop_overgrown_old_shop,
          uniq_crazy_yiuf_cottage
D:4:      layout_basic, serial_shops, nicolae_shop_hallway_stairs, hex_tiny,
          minmay_divided_ellipse
D:5:      layout_basic, minmay_manual_mess
D:6:      layout_rooms
D:7:      layout_loops_corners, nicolae_uskayaw_dance_studio,
          minmay_temple_entry_ruins
D:8:      layout_gridville, uniq_psyche
D:9:      layout_roguey, orc_0_dummy, uniq_gastronok

Skill      XL: |  1  2  3  4  5  6  7  8  9 |
---------------+----------------------------+-----
Stealth        | 2 3 |  3.0
Fighting       | 4 5 7 |  7.8
Staves         | 1 7 8 |  8.2
Invocations    | 3 5 8 |  8.0
Armour         | 2 |  2.0
Dodging        | 2 |  2.0
Throwing       | 2 |  2.0
Evocations     | 2 |  2.0
Short Blades   | 4 |  4.0
Shields        | 3 5 |  5.0
Polearms       | |  1.7

Action                   |  1- 3 |  4- 6 |  7- 9 | 10-12 || total
-------------------------+-------+-------+-------+-------++-------
Melee: Spear             |   102 |       |       |       ||   102
       Trident           |    30 |       |       |       ||    30
       Punch             |     1 |     2 |       |       ||     3
       Quarterstaff      |       |    19 |    62 |       ||    81
       Morningstar       |       |    91 |     2 |       ||    93
       Dagger            |       |       |   209 |    13 ||   222
       Tailslap          |       |       |    43 |       ||    43
       Unarmed           |       |       |     4 |       ||     4
Throw: Dart              |    10 |     4 |     3 |       ||    17
       Stone             |    13 |    24 |    10 |       ||    47
       Javelin           |       |       |     4 |       ||     4
Invok: Depart the Abyss  |     1 |       |       |       ||     1
       Bend Space        |       |       |    12 |     8 ||    20
  Use: Potion            |     3 |     1 |     1 |       ||     5
       Scroll            |     3 |       |     2 |       ||     5
 Stab: Distracted        |       |     1 |     2 |       ||     3
       Sleeping          |       |     2 |     1 |       ||     3
       Paralysed         |       |       |     1 |       ||     1
       Invisible         |       |       |     2 |       ||     2
Armor: Leather armour    |    11 |    25 |    14 |       ||    50
       Skin              |     5 |       |       |       ||     5
       Scale mail        |       |       |    82 |    13 ||    95
       Ring mail         |       |       |     2 |       ||     2
Dodge: Dodged            |    32 |    55 |    79 |     6 ||   172
Block: Other             |    27 |    20 |    10 |       ||    57
       Reflection        |     1 |     1 |     2 |       ||     4
       Tower shield      |       |       |   141 |    16 ||   157
